Map: World of Sleepers LE

Players

ITACHI

  • Race: Terran Terran
  • League: Diamond
  • Spawn Location: 1:00

Light - Winner!

  • Race: Protoss Protoss
  • League: Platinum
  • Spawn Location: 7:00

VOD

Have the link to the VOD?

Description

Time

  • Played on: Nov. 26, 2019, 12:49 a.m.
  • Length: 10:01
Show
View Real Time Build Order
Export as new Build Order

ITACHI Terran 

Build Orders: Reaper Expand 

Get SALT Encoding   

  12  0:01  SCV  
  13  0:13  SCV  
  14  0:17  Supply Depot  
  14  0:30  SCV  
  15  0:39  Barracks  
  15  0:42  Refinery  
  15  0:44  SCV  
  16  0:56  SCV  
  17  1:08  SCV  
  17  1:20  SCV  
  18  1:31  Reaper  
  19  1:34  Orbital Command  
  19  1:53  Command Center  
  19  2:00  SCV  
  20  2:12  SCV  
  21  2:16  Supply Depot, Barracks  
  21  2:17  Barracks Reactor  
  21  2:30  SCV  
  21  2:38  Refinery  
  21  2:42  SCV  
  22  2:51  Factory  
  22  2:54  Marine x2, SCV  
  25  3:04  Barracks Tech Lab  
  25  3:06  SCV  
  25  3:08  Orbital Command  
  26  3:14  Marine x2  
  27  3:31  Marine  
  27  3:32  Marauder  
  27  3:33  Stimpack  
  29  3:37  Hellion  
  30  3:42  Marine  
  31  3:49  Marine  
  31  3:53  Marine  
  33  3:56  SCV x2  
  33  4:00  Marine  
  36  4:07  Marine  
  35  4:17  Marauder  
  35  4:18  Marine  
  35  4:19  Starport, Factory Reactor  
  36  4:25  Marine, SCV x2  
  39  4:36  Marine  
  39  4:38  Marine  
  40  4:44  Bunker  
  40  4:48  SCV x2  
  40  4:49  Supply Depot  
  40  4:50  Marine  
  43  4:54  Marine  
  43  4:55  Marine  
  43  5:20  Factory Tech Lab  
  43  5:24  Command Center, SCV x2  
  43  5:25  Marine x2  
  49  5:30  Marine, Supply Depot  
  49  5:32  Medivac  
  49  5:34  Medivac  
  52  5:36  SCV x2  
  54  5:51  Marine  
  54  5:52  SCV x2  
  54  5:55  Supply Depot  
  54  5:56  Engineering Bay  
  57  5:59  Supply Depot  
  57  6:03  Siege Tank  
  59  6:21  Marauder  
  61  6:31  Marine  
  61  6:32  Marine  
  63  6:37  Medivac x2, Siege Tank  
  70  6:40  Orbital Command  
  70  6:42  Marine  
  70  6:45  Refinery x2  
  71  6:49  Marine x2  
  73  7:00  Marine  
  74  7:09  Marine x2  
  71  7:18  Marauder  
  69  7:27  Marine x2  
  70  7:40  Marauder  
  70  7:43  Barracks  
  72  7:44  Marine, Barracks  
  72  7:45  Marine, Barracks  
  72  7:46  SCV x2  
  76  7:56  Orbital Command  
  76  7:58  SCV  
  77  8:01  Marine, Siege Tank  
  77  8:02  Marine x2, Medivac x2  
  87  8:18  Marine  
  87  8:19  SCV  
  90  8:20  Marine x2, Bunker, SCV  
  92  8:31  SCV  
  92  8:34  Barracks Tech Lab, Barracks Reactor x2  
  93  8:38  Combat Shield  
  93  8:45  Supply Depot, Engineering Bay  
  93  8:49  Supply Depot  
  93  8:50  Supply Depot  
  93  8:52  Supply Depot  
  93  8:54  Supply Depot  
  93  9:06  Marine x3, Siege Tank, SCV x2  
  93  9:09  Missile Turret  
  101  9:11  SCV  
  101  9:12  Supply Depot  
  101  9:15  Supply Depot  
  102  9:17  Supply Depot x3  
  102  9:19  SCV x2  
  102  9:22  Marauder  
  102  9:23  SCV  
  87  9:24  Marine x3  
  87  9:25  Marauder, Marine x3  
  87  9:31  SCV x2  
  94  9:35  SCV  
  87  9:42  Marine x3  
  87  9:43  Marine, SCV  
Show
View Real Time Build Order
Export as new Build Order

Light Protoss - Winner!

Build Orders: 1 Gate Expand 

Get SALT Encoding   

  12  0:00  Probe  
  13  0:13  Probe  
  14  0:19  Pylon  
  14  0:25  Probe (Chrono Boost)  
  15  0:37  Probe (Chrono Boost)  
  15  0:39  Gateway  
  16  0:45  Probe (Chrono Boost)  
  17  0:52  Probe  
  17  0:53  Assimilator  
  18  0:57  Assimilator  
  18  1:04  Probe  
  19  1:16  Probe  
  20  1:27  Cybernetics Core  
  20  1:42  Nexus  
  20  1:54  Pylon  
  20  2:02  Adept (Chrono Boost)  
  20  2:03  Probe  
  20  2:05  Warp Gate  
  23  2:15  Probe  
  24  2:27  Stalker  
  26  2:46  Probe  
  27  2:57  Stalker  
  29  2:58  Probe  
  29  3:01  Probe  
  29  3:02  Twilight Council  
  31  3:10  Probe  
  32  3:13  Probe  
  32  3:37  Probe x2  
  34  3:42  Pylon  
  34  3:45  Assimilator  
  34  3:47  Assimilator  
  34  3:49  Probe (Chrono Boost)  
  34  3:50  Probe (Chrono Boost)  
  34  3:51  Pylon  
  34  3:53  Robotics Facility  
  36  3:59  Probe x2 (Chrono Boost)  
  38  4:16  Stalker  
  40  4:17  Probe x2  
  42  4:26  Gateway  
  42  4:27  Gateway  
  42  4:32  Nexus  
  42  4:35  Probe x2  
  44  4:39  Shield Battery  
  44  4:47  Probe x2  
  44  4:48  Pylon  
  46  4:59  Probe  
  47  5:04  Probe  
  48  5:11  Probe  
  49  5:14  Blink (Chrono Boost)  
  49  5:16  Probe  
  49  5:20  Pylon, Gateway  
  50  5:22  Pylon  
  50  5:23  Pylon, Probe  
  50  5:24  Observer (Chrono Boost)  
  52  5:41  Probe  
  52  5:42  Probe  
  54  5:47  Robotics Bay  
  54  5:50  Probe, Gateway  
  54  5:51  Gateway  
  54  5:54  Probe  
  56  6:00  Probe  
  56  6:02  Assimilator, Probe  
  58  6:07  Assimilator  
  58  6:10  Pylon  
  58  6:12  Immortal (Chrono Boost)  
  58  6:13  Probe x2  
  58  6:15  Shield Battery  
  64  6:24  Stalker  
  64  6:25  Stalker  
  68  6:27  Probe x2  
  68  6:32  Stalker x2  
  74  6:33  Probe  
  74  6:37  Gravitic Drive  
  74  6:39  Probe x2  
  77  6:41  Disruptor (Chrono Boost)  
  77  6:45  Probe  
  80  6:48  Zealot x3  
  81  6:59  Zealot  
  81  7:00  Zealot x2  
  86  7:09  Disruptor (Chrono Boost)  
  87  7:17  Zealot x3  
  84  7:35  Probe x2  
  86  7:39  Probe  
  86  7:40  Charge (Chrono Boost)  
  86  7:42  Warp Prism (Chrono Boost)  
  87  7:45  Extended Thermal Lance  
  87  7:47  Probe  
  90  7:52  Probe x2  
  92  7:59  Probe  
  93  8:11  Observer  
  94  8:18  Stalker x4  
  94  8:19  Zealot x2  
  106  8:24  Gateway  
  106  8:29  Pylon  
  106  8:31  Pylon  
  106  8:34  Pylon, Forge  
  106  8:36  Forge  
  106  8:40  Adept  
  108  8:50  Colossus  
  108  8:54  Probe  
  115  8:57  Zealot x3  
  115  9:02  Probe x2  
  123  9:08  Stalker x2  
  123  9:09  Stalker  
Tags
 
Add a new tag
Caveats
  • Supply blocks, unpowered buildings, or Contaminate may cause inaccurate times.
  • Supply counts are checked every 10 seconds.